 Dungeon Crawl Stone Soup version 0.21-a0-525-ga34b322 (webtiles) character file.

1746 Gerstahl the Fighter (level 8, -1/102 HPs)
             Began as a Demonspawn Wanderer on Dec 7, 2017.
             Was a Follower of Ashenzari.
             Slain by an orc wizard
             ... wielding a +2 dagger of electrocution
              (15 damage)
             ... on level 7 of the Dungeon.
             The game lasted 00:09:49 (6172 turns).

Gerstahl the Fighter (Demonspawn Wanderer)          Turns: 6172, Time: 00:09:50

Health: -1/102     AC: 24    Str: 10    XL:     8   Next: 77%
Magic:  12/12      EV:  2    Int: 17    God:    Ashenzari [*.....]
Gold:   445        SH:  0    Dex: 17    Spells: 7/7 levels left

rFire    . . .     SeeInvis .   a - +2 quarterstaff
rCold    . . .     Gourm    .   (shield currently unavailable)
rNeg     + + +     Faith    .   (armour currently unavailable)
rPois    +         Spirit   .   (helmet currently unavailable)
rElec    .         Reflect  .   (cloak currently unavailable)
rCorr    .         Harm     .   (gloves currently unavailable)
MR       .....     NoTele   +   (boots currently unavailable)
Stlth    ++........             t - amulet of regeneration (curse)
HPRegen  0.67/turn              (no ring)
MPRegen  0.13/turn              C - +3 ring of dexterity (curse)

@: tree-form
A: no striking features
a: Curse Item, Scrying, Renounce Religion


You were on level 7 of the Dungeon.
You worshipped Ashenzari.
Ashenzari was aware of your devotion.
You were not hungry.
You were a tree.
You visited 2 branches of the dungeon, and saw 8 of its levels.

You collected 445 gold pieces.

Inventory:

Hand Weapons
 a - a +2 quarterstaff (weapon)
 A - the +3 mace "Uxeuzu" {crush, *Rage Str+7 Dex+3}
   (You found it on level 4 of the Dungeon)

   It inflicts extra damage upon your enemies.
   It affects your strength (+7).
   It affects your dexterity (+3).
   It may make you go berserk in combat.
Armour
 d - a +0 robe
 e - the +4 ring mail of Sif Muna's Castigation (melded) {rF+ MR+ Int+7}
   (You found it on level 6 of the Dungeon)

   It affects your intelligence (+7).
   It protects you from fire.
   It affects your resistance to hostile enchantments.
 k - a +0 hat
Jewellery
 q - an uncursed ring of protection from cold
 t - a cursed amulet of regeneration (around neck)
 C - a cursed +3 ring of dexterity (right branch)
Wands
 w - a wand of iceblast (6)
 E - a wand of random effects (34)
Scrolls
 c - 5 scrolls of teleportation
 h - 11 scrolls of identify {unknown}
 i - 2 scrolls of noise {unknown}
 j - a scroll of enchant weapon {unknown}
 m - 2 scrolls of fog {unknown}
 p - 3 scrolls of amnesia {unknown}
 s - 3 scrolls of magic mapping {unknown}
 v - a scroll of random uselessness {unknown}
 z - a scroll of fear {unknown}
 B - a scroll of blinking {unknown}
Potions
 l - 3 potions of curing {unknown}
 n - a potion of cancellation {unknown}
 o - a potion of degeneration {unknown}
 r - a potion of ambrosia {unknown}
 x - a potion of might {unknown}
 D - 2 potions of brilliance {unknown}
 F - a potion of invisibility {unknown}
Comestibles
 f - 4 bread rations
 g - a fruit
 u - 4 meat rations
 G - a royal jelly


   Skills:
 + Level 8.1 Fighting
   Level 1.0 Short Blades
 - Level 1.6(4.5) Maces & Flails
 + Level 6.6(6.8) Staves
 - Level 1.0 Stealth
 + Level 5.4 Evocations


You had 7 spell levels left.
You didn't know any spells.

Dungeon Overview and Level Annotations

Branches:
Dungeon (7/15)             Temple (1/1) D:5

Altars:
Ashenzari
Dithmenos
Elyvilon
Makhleb
Nemelex Xobeh
Qazlal
Sif Muna
Trog

Shops:
D:5 *

Annotations:
D:6 1 runed door


Innate Abilities, Weirdness & Mutations

((You have a pair of horns on your head.))
((When seriously injured, your bleeding wounds create thick armour. (AC +0)))


Message History

The orc warrior is moderately wounded.
The orc warrior hits you but does no damage.
Something hits you but does no damage.
You closely miss the orc warrior.
The orc warrior is moderately wounded.
The leopard gecko hisses menacingly.
Something hits you but does no damage.
You hit the orc warrior.
The orc warrior is moderately wounded.
The orc warrior hits you but does no damage.
You sock the orc warrior!
The orc warrior is heavily wounded.
Something hits you but does no damage.
You are electrocuted!
* * * LOW HITPOINT WARNING * * *
The orc warrior hits you with a mace.
* * * LOW HITPOINT WARNING * * *
You closely miss the orc warrior.
The orc warrior is heavily wounded.
Something hits you but does no damage.
You are electrocuted!
You die...

#......#...####+####
####'###...#
#....#..... #....#
#..).# #....# #...##
#...########...
#.....'♣ol.....
#.....#.{......
#.....#........
#.....#..(.....
#.....#........
#.....#........
#.....#........
###############


You could see an orc warrior and a leopard gecko.

Vanquished Creatures
  Sigmund (D:5)
  A soldier ant (D:6)
  An ice beast (D:6)
  A phantom (D:7)
  3 centaurs
  A wyvern skeleton (D:7)
  A killer bee (D:6)
  A howler monkey (D:6)
  A crimson imp (D:6)
  A bullfrog zombie (D:7)
  6 orc priests
  A bullfrog skeleton (D:4)
  3 orc wizards
  10 worker ants
  3 hound skeletons
  4 gnolls
  7 adders
  A howler monkey skeleton (D:7)
  An ooze (D:3)
  3 adder skeletons
  4 worms
  2 dart slugs
  2 leopard geckos
  26 orcs
  A ball python (D:3)
  5 bats
  13 giant cockroaches
  13 goblins
  7 hobgoblins
  3 jackals (D:4)
  5 quokkas
  3 frilled lizards
  8 kobolds
  5 rats
  A butterfly (D:6)
149 creatures vanquished.

Notes
Turn   | Place    | Note
-------+----------+-------------------------------------------
     0 | D:1      | Gerstahl the Demonspawn Wanderer began the quest for the Orb.
     0 | D:1      | Gerstahl set off with: a +2 quarterstaff, a potion of lignification, a scroll of teleportation, a +0 robe, a bread ration
     0 | D:1      | Reached XP level 1. HP: 19/19 MP: 1/1
   257 | D:1      | Gained mutation: When seriously injured, your bleeding wounds create armour. (AC +0) [demonic ancestry]
   257 | D:1      | Reached XP level 2. HP: 26/26 MP: 2/2
   528 | D:1      | Reached XP level 3. HP: 21/31 MP: 3/3
  1261 | D:2      | Found a deep blue altar of Sif Muna.
  1489 | D:3      | Noticed a centaur
  1497 | D:3      | Killed a centaur
  1497 | D:3      | Reached skill level 5 in Fighting
  1497 | D:3      | Reached XP level 4. HP: 20/39 MP: 4/4
  1690 | D:3      | Gained mutation: You have a pair of small horns on your head. [demonic ancestry]
  1690 | D:3      | Reached XP level 5. HP: 32/44 MP: 5/5
  1885 | D:3      | HP: 2/44 [poisoned by a kobold]
  1893 | D:3      | HP: 1/44 [poisoned by a kobold]
  2725 | D:4      | Reached XP level 6. HP: 52/52 MP: 6/6
  2761 | D:4      | Reached skill level 6 in Fighting
  3051 | D:4      | Reached skill level 5 in Staves
  3259 | D:4      | Got an encrusted mace
  3260 | D:4      | Identified the +3 mace "Uxeuzu" {crush, *Rage Str+7 Dex+3} (You found it on level 4 of the Dungeon)
  3625 | D:5      | Entered Level 5 of the Dungeon
  3625 | D:5      | Noticed Sigmund
  3637 | D:5      | Killed Sigmund
  3637 | D:5      | Reached skill level 1 in Maces & Flails
  3637 | D:5      | Gained mutation: You have a pair of horns on your head. [demonic ancestry]
  3637 | D:5      | Reached XP level 7. HP: 32/59 MP: 8/8
  3850 | D:5      | Found Giequevi's Assorted Antiques.
  4425 | D:5      | Found a staircase to the Ecumenical Temple.
  4503 | Temple   | Entered the Ecumenical Temple
  4512 | Temple   | Became a worshipper of Ashenzari the Shackled
  4901 | D:5      | Found a stormy altar of Qazlal.
  5274 | D:6      | Reached skill level 7 in Fighting
  5308 | D:6      | Gained mutation: When seriously injured, your bleeding wounds create thick armour. (AC +0) [demonic ancestry]
  5308 | D:6      | Reached XP level 8. HP: 35/67 MP: 10/10
  5310 | D:6      | Found a runed door.
  5362 | D:6      | Found a runed door.
  5715 | D:6      | Noticed a moth of wrath
  5718 | D:6      | Found a bloodstained altar of Trog.
  5726 | D:6      | Got the uncursed ring mail of Sif Muna's Castigation {rF+ MR+ Int+7}
  5737 | D:6      | Identified the +4 ring mail of Sif Muna's Castigation {rF+ MR+ Int+7} (You found it on level 6 of the Dungeon)
  6026 | D:7      | Reached * piety under Ashenzari
  6032 | D:7      | Reached skill level 5 in Evocations
  6119 | D:7      | Reached skill level 8 in Fighting
  6172 | D:7      | Slain by an orc wizard

Vault maps used:
D:1:      evilmike_arrival_hilbert_curve
D:2:      nicolae_overflow_crystal_walls, first_bread
D:3:      serial_bayou_pond_b
D:4:      kennysheep_generic_room_15
D:5:      grunt_qazlal_clouds, minmay_temple_entry_nine_rooms, serial_shops,
          shop, uniq_sigmund
D:6:      lemuel_insect_pit, tgw_trog
Temple:   regret_index_temple_chain_breaker

Skill      XL: |  1  2  3  4  5  6  7  8 |
---------------+-------------------------+-----
Staves         | 3 4 5 6 |  6.6
Fighting       | 5 6 7 8 |  8.1
Maces & Flails | 1 |  1.6
Evocations     | 2 3 5 |  5.4
Short Blades   | |  1.0
Stealth        | |  1.0

Action                   |  1- 3 |  4- 6 |  7- 9 || total
-------------------------+-------+-------+-------++-------
Melee: Quarterstaff      |    95 |   137 |   222 ||   454
       Headbutt          |       |    26 |    31 ||    57
       Mace              |       |    25 |     2 ||    27
Invok: Curse Item        |       |       |     2 ||     2
  Use: Potion            |       |     1 |     1 ||     2
       Scroll            |       |       |     1 ||     1
 Stab: Sleeping          |     1 |     1 |     6 ||     8
  Eat: Chunk             |     1 |    11 |     5 ||    17
Armor: Robe              |    15 |    48 |    31 ||    94
       Skin              |       |     2 |     7 ||     9
       Ring mail         |       |       |    38 ||    38
Dodge: Dodged            |    58 |    98 |   119 ||   275

Table legend:
 A = Spawn XP
 B = Non-spawn XP
 C = Spawn XP percentage of total XP
 D = Spawn monster count
 E = Non-spawn monster count
 F = Spawn count percentage of total count
 G = Total turns spent on level
                    A         B        C        D         E        F      G
               +---------+---------+-------+---------+---------+-------+---------
         Total |       0 |    2495 |   0.0 |       0 |     148 |   0.0 |  6172
               +---------+---------+-------+---------+---------+-------+---------
           D:1 |       0 |      53 |   0.0 |       0 |      22 |   0.0 |   962
           D:2 |       0 |      26 |   0.0 |       0 |      12 |   0.0 |   516
           D:3 |       0 |     175 |   0.0 |       0 |      23 |   0.0 |  1050
           D:4 |       0 |     337 |   0.0 |       0 |      34 |   0.0 |  1097
           D:5 |       0 |     420 |   0.0 |       0 |      12 |   0.0 |  1375
           D:6 |       0 |     967 |   0.0 |       0 |      32 |   0.0 |   959
           D:7 |       0 |     517 |   0.0 |       0 |      13 |   0.0 |   184
               +---------+---------+-------+---------+---------+-------+---------
